 Dungeon Crawl Stone Soup version 0.30.1-11-g7821555f0a (webtiles) character file.

Game seed: 16218837266588428751

1602 rjbenavram the Basher (level 8, -4/73 HPs)
             Began as a Minotaur Berserker on Dec 20, 2023.
             Was a Priest of Trog.
             Succumbed to a hornet's poison
             ... on level 7 of the Dungeon on Dec 27, 2023.
             The game lasted 03:18:43 (3336 turns).

rjbenavram the Basher (Minotaur Berserker)          Turns: 3336, Time: 03:18:43

Health: -4/73      AC: 11    Str: 22    XL:     8   Next: 62%
Magic:  7/7        EV:  9    Int:  6    God:    Trog [***...]
Gold:   226        SH:  0    Dex: 10    Spells: 7/7 levels left

rFire   . . .        l - +3 whip (vamp)
rCold   + . .        (no shield)
rNeg    . . .        z - +0 chain mail
rPois   .            (helmet restricted)
rElec   .            (no cloak)
rCorr   .            (no gloves)
SInv    .            w - +0 pair of boots
Will    .....        D - amulet of the acrobat Stlth
                     i - ring of wizardry
HPRegen 0.32/turn    (no ring)
MPRegen 0.10/turn

%: acrobat, wizardry (x1)
@: lethally poisoned (-4 -> -27), slowed, very slow
A: horns 2, retaliatory headbutt, hooves 1, cold resistance 1
a: Renounce Religion, Berserk, Trog's Hand


You were on level 7 of the Dungeon.
You worshipped Trog.
Trog was most pleased with you.
You visited 1 branch of the dungeon, and saw 7 of its levels.

You collected 226 gold pieces.

Inventory:

Hand Weapons
 a - a +0 mace
 e - a +0 short sword
 f - a +0 club
 h - a +0 short sword
 k - a +0 hand axe
 l - a +3 vampiric whip (weapon)
 n - a +0 whip
 o - a +0 dagger
 p - a +0 short sword
 r - a +0 short sword
 v - a +0 club
 x - a +0 dagger
 B - a +0 mace
Missiles
 d - 19 stones
 u - 4 poisoned darts (quivered)
 C - a throwing net
Armour
 b - a +2 animal skin
 c - a +2 helmet
 g - a +0 robe
 w - a +0 pair of boots (worn)
 z - a +0 chain mail (worn)
Jewellery
 i - a ring of wizardry (left hand)
 m - an amulet of faith
 D - an amulet of the acrobat (around neck)
 F - a ring of resist corrosion
 G - a ring of poison resistance
Wands
 A - a wand of polymorph (4)
Scrolls
 q - a scroll of fear
 t - 2 scrolls of teleportation
 y - a scroll of magic mapping
 E - a scroll of immolation
 H - 3 scrolls of identify
Potions
 j - a potion of mutation
 s - 2 potions of curing {unknown}


   Skills:
 + Level 7.0 Fighting
 + Level 9.9 Maces & Flails
 + Level 5.7 Armour
 + Level 4.3 Dodging
 + Level 1.4 Stealth


You had 7 spell levels left.
You didn't know any spells.
Your spell library was empty.

Dungeon Overview and Level Annotations

Branches:
Dungeon (7/15)
 Temple: D:4-7

Altars:
Gozag

Shops:
D:7 *

Annotations:
D:4 2 transporters


Innate Abilities, Weirdness & Mutations

You have a pair of horns on your head.
You reflexively headbutt those who attack you in melee.
You have large cloven feet.
Your flesh is cold resistant. (rC+)


Message History

The hornet stings you!
You feel as though you will be slow longer.
You closely miss the hornet.
The hornet is moderately wounded.
The hornet stings you but does no damage.
You closely miss the hornet. You headbutt the hornet.
Your punch misses the hornet.
The hornet is moderately wounded.
The hornet completely misses you. The hornet stings you!
You are poisoned.
You suddenly lose the ability to move!
You feel very sick. The hornet stings you!
You feel as though you will be slow longer.
You can move again.
Unknown command.
You barely miss the hornet.
The hornet is moderately wounded.
You feel sick. The hornet stings you.
You are more poisoned.
You feel as though you will be slow longer.
You closely miss the hornet. Your headbutt misses the hornet.
The hornet is moderately wounded.
You feel very sick. The hornet stings you.
* * * LOW HITPOINT WARNING * * *
You feel as though you will be slow longer.
The hornet stings you but does no damage.
Okay, then.
As you read the scroll of teleportation, it crumbles to dust.
You feel strangely unstable.
You feel very sick. The hornet stings you!
* * * LOW HITPOINT WARNING * * *
You are more poisoned.
You feel as though you will be slow longer.
The hornet barely misses you.
As you read the scroll of teleportation, it crumbles to dust.
You feel strangely stable.
You die...

)#...)....## #. .#
.##)#####...!. #.##.#
.##.).# ####.###.#<.#
.....!# #.......## ...####
####....###
#...~.############.....####
####.........[......##....#
##..#....)##..y.######.#
).........###.)@.........#
........#####..#.##########
...............#†#
....).∩$........).
.........##.#.....#
.........##.......# .......
......... ##...... #######.


You could see a hornet.

Vanquished Creatures
  A water moccasin (D:7)
  3 sky beasts
  A black bear (D:5)
  An ogre (D:6)
  2 phantoms
  A kobold brigand (D:7)
  3 bullfrogs
  A scorpion (D:5)
  4 jellies
  2 orc priests (D:5)
  3 hounds
  A sleepcap (D:4)
  3 iguanas
  An orc wizard (D:4)
  4 gnolls
  5 adders
  3 worms
  5 dart slugs
  19 orcs
  2 endoplasms (D:1)
  A giant cockroach (D:1)
  3 goblins
  5 hobgoblins
  15 kobolds
  5 quokkas
  6 ball pythons
  2 bats (D:1)
  3 frilled lizards
  2 rats
107 creatures vanquished.

Notes
Turn   | Place    | Note
-------+----------+-------------------------------------------
     0 | D:1      | rjbenavram the Minotaur Berserker began the quest for the
                  | Orb.
     0 | D:1      | Reached XP level 1. HP: 19/19 MP: 0/0
   174 | D:1      | Reached XP level 2. HP: 21/27 MP: 1/1
   228 | D:1      | Reached skill level 4 in Maces & Flails
   948 | D:2      | Reached ** piety under Trog
   949 | D:2      | Reached XP level 3. HP: 34/34 MP: 2/2
  1142 | D:2      | Gained mutation: Your flesh is cold resistant. (rC+)
                  | [potion of mutation]
  1142 | D:2      | Gained mutation: You have large cloven feet. [potion of
                  | mutation]
  1409 | D:3      | Found a faded altar of an unknown god.
  1508 | D:3      | Reached skill level 5 in Maces & Flails
  1508 | D:3      | Reached XP level 4. HP: 41/41 MP: 3/3
  1689 | D:4      | Noticed a phantom
  1696 | D:4      | Killed a phantom
  1697 | D:4      | Reached XP level 5. HP: 47/47 MP: 4/4
  1749 | D:4      | Found a transporter.
  1755 | D:4      | Noticed an ice beast
  1755 | D:4      | Noticed an ice beast
  1757 | D:4      | Noticed an ice beast
  1855 | D:4      | Reached skill level 5 in Fighting
  1888 | D:4      | Reached skill level 6 in Maces & Flails
  1900 | D:4      | Found a transporter.
  1982 | D:4      | Reached skill level 1 in Stealth
  1982 | D:4      | Reached XP level 6. HP: 28/56 MP: 5/5
  2230 | D:5      | Entered Level 5 of the Dungeon
  2515 | D:5      | Reached skill level 7 in Maces & Flails
  2515 | D:5      | Reached XP level 7. HP: 58/61 MP: 6/6
  2663 | D:5      | Found an opulent altar of Gozag.
  2937 | D:6      | Reached skill level 8 in Maces & Flails
  3077 | D:7      | Reached XP level 8. HP: 65/71 MP: 7/7
  3119 | D:7      | Reached skill level 5 in Armour
  3145 | D:7      | Reached *** piety under Trog
  3149 | D:7      | Found Xar Hypo's General Store.
  3160 | D:7      | Reached skill level 9 in Maces & Flails
  3178 | D:7      | Noticed a hornet
  3331 | D:7      | Paralysed by a hornet for 1 turns
  3335 | D:7      | HP: 3/73 [hornet (12)]
  3336 | D:7      | Succumbed to a hornet's poison

Illustrated notes

Levels and vault maps discovered:
D:1:      heliophobic_arrival_ceremonial_halls, layout_loops_ring
D:2:      layout_loops_cross
D:3:      layout_loops_ring, hellmonk_ecumenical_altar_heavens_door,
          hangedman_decor_riveting
D:4:      gammafunk_cloud_chamber, layout_rooms, serial_aquarium,
          aquarium_bridge_square [aquarium_subvault_bridge,
          aquarium_subvault_window, aquarium_subvault_wall,
          aquarium_subvault_window], aquarium_window_fake, aquarium_window_1,
          aquarium_window_fake, aquarium_window_1, aquarium_view_2b,
          aquarium_view_2e, aquarium_pool_2
D:5:      layout_loops_ring, grunt_gozag_breadcrumbs, kennysheep_doodads,
          kennysheep_big_empty_room, kennysheep_generic_room_5
D:6:      minmay_goblin_kobold_castle, layout_cave_pools,
          minmay_misc_feat_enclosed, uniq_blork_the_orc
D:7:      layout_rooms, minmay_temple_entry_statues_fountains, serial_shops,
          shop

Skill      XL: |  1  2  3  4  5  6  7  8 |
---------------+-------------------------+-----
Fighting       | 4 5 6 7 |  7.0
Maces & Flails | 4 5 6 7 8 9 |  9.9
Dodging        | 3 4 |  4.3
Stealth        | 1 |  1.4
Armour         | 3 4 5 |  5.7

Action                     |  1- 3 |  4- 6 |  7- 9 || total
---------------------------+-------+-------+-------++-------
  Melee: Mace              |    42 |       |       ||    42
         Headbutt          |    11 |    25 |    23 ||    59
         Whip              |    41 |   106 |   157 ||   304
         Punch             |     2 |       |     2 ||     4
         Kick              |     3 |       |       ||     3
  Throw: Stone             |     3 |       |       ||     3
    Use: Scroll            |     5 |     1 |     5 ||    11
         Potion            |     3 |       |     3 ||     6
 Armour: Animal skin       |    11 |     4 |       ||    15
         Chain mail        |       |    52 |    60 ||   112
  Dodge: Dodged            |    49 |    54 |    91 ||   194
